 Dungeon Crawl Stone Soup version bcrawl-1.20.1-3-gdcb1fc31ed (webtiles) character file.

Game seed: 5724354501116208334

260 McKennaii the Firebug (level 5, -2/39 HPs)
             Began as a Djinni Fire Elementalist on Feb 5, 2020.
             Was an Initiate of Sif Muna.
             Slain by a slave (6 damage)
             ... led by Pikel
             ... on level 4 of the Dungeon.
             The game lasted 00:07:29 (4606 turns).

McKennaii the Firebug (Djinni Fire Elementalist)    Turns: 4606, Time: 00:07:30

Health: -2/39      AC:  2    Str: 11    XL:     5   Next: 95%
Magic:  5/12       EV: 12    Int: 18    God:    Sif Muna [......]
Gold:   325        SH:  0    Dex: 11    Spells: 4/14 levels left

rFire    . . .     SeeInvis .   (no weapon)
rCold    . . .     Gourm    .   (no shield)
rNeg     . . .     Faith    .   a - +0 robe
rPois    .         Spirit   .   (helmet restricted)
rElec    .         Reflect  .   (no cloak)
rCorr    .         Harm     .   (no gloves)
MR       .....     Rnd*Rage +   (boots unavailable)
Stlth    ++........             (no amulet)
HPRegen  0.13/turn              (no ring)
MPRegen  0.13/turn              (no ring)

@: flying
A: never pass out, antennae 1, berserk 2, blink, blurry vision 2, wild magic 2,
MP-powered wands, floating
a: Blink, Divine Energy, Renounce Religion


You were on level 4 of the Dungeon.
You worshipped Sif Muna.
Sif Muna was noncommittal.
You were hungry.

You visited 2 branches of the dungeon, and saw 5 of its levels.

You collected 325 gold pieces.

Inventory:

Missiles
 c - 468 stones (quivered)
Armour
 a - a +0 robe (worn)
Wands
 k - a wand of random effects (7)
 p - a wand of disintegration (16)
Scrolls
 d - 3 scrolls of remove curse
 l - 5 scrolls of identify {unknown}
 m - a scroll of teleportation {unknown}
Potions
 e - 3 potions of agility {unknown}
 f - a potion of curing
 g - a potion of resistance {unknown}
 h - a potion of mutation
 i - 2 potions of degeneration {unknown}
 j - 2 potions of invisibility {unknown}
 n - 2 potions of heal wounds {unknown}
 o - a potion of magic {unknown}
Comestibles
 b - 5 rations {!d}


   Skills:
 + Level 0.4 Fighting
 + Level 2.5 Dodging
 - Level 2.0 Stealth
 + Level 5.3 Spellcasting
 + Level 2.6 Conjurations
 + Level 5.6 Fire Magic


You had 4 spell levels left.
You knew the following spells:

 Your Spells              Type           Power        Failure   Level  Hunger
a - Flame Tongue          Conj/Fire      ####.        7%          1    None
b - Sticky Flame          Conj/Fire      ####....     38%         4    ####...
c - Fireball              Conj/Fire      ####......   71%         5    ######.

Your spell library contained the following spells:

 Spells                   Type           Power        Failure   Level  Hunger
 Flaming Arrows           Chrm/Fire      ###.....     14%         2    #......
 Conjure Flame            Conj/Fire      ####....     16%         3    ##.....
 Inner Flame              Hex/Fire       N/A          24%         3    ##.....


Dungeon Overview and Level Annotations

Branches:
Dungeon (4/12)             Temple (1/1) D:4

Altars:
Ashenzari
Cheibriados
Dithmenos
Elyvilon
Gozag
Hepliaklqana
Kikubaaqudgha
Makhleb
Nemelex Xobeh
Qazlal
Ru
Sif Muna
Uskayaw
Vehumet
Wu Jian
Yredelemnul

Annotations:
D:4 Pikel


Innate Abilities, Weirdness & Mutations

You never pass out after going berserk.
You often lose your temper in combat.
You can translocate small distances at will.
Scrolls take you longer to read.
Your spells are harder to cast, but more powerful.
You expend magic power (3 MP) to strengthen your wands.
Your body floats in the air.
You have a pair of small antennae on your head.


Message History

Aim: Pikel, wielding a +2 whip of electrocution and wearing a +0 robe (heavily wounded)
The flame tongue misses Pikel.
The flame tongue hits the slave.
The slave is lightly wounded.
Pikel hits you with a +2 whip of electrocution!
* * * LOW HITPOINT WARNING * * *
Casting: Flame Tongue (safe; 7% risk of failure)
Confirm with . or Enter, or press ? or * to list all spells.
Aiming: Flame Tongue (safe; 7% risk of failure)
Press: ? - help, Shift-Dir - straight line, f/p - Pikel
Aim: Pikel, wielding a +2 whip of electrocution and wearing a +0 robe (moderately wounded)
Okay, then.
You blink.
You feel slightly more hungry.
Pikel cracks his whip.
Okay, then.
Okay, then.
Okay, then.
It was a potion of mutation.
You feel extremely strange.
You feel clever.
You feel stupid. A pair of antennae grows on your head! The slave hits you.
You die...

.. #[###.>..#..#.... .....
#.###.....#..#... .....
#..#...##....#...
....########....####.......
....
#...#.....##....####.....>
#...
#.......###.......#......
#...
##.....###K........#....#
##..#
##...#..p.............##
#...# ##....@###.......##..#
#...######.....##
#.........###
##.............## #........##
#...............####..#....##
###...####..#..).##..####..#
#.....# #..##...รท...# ####
......###..###.......#
.......##..# ###....##
...........# ##..... ..


You could see Pikel and a slave.

Vanquished Creatures
  3 slaves
  The ghost of KrisU the Magician, a weakling DjWz (D:3)
  2 orc wizards (D:3)
  6 gnolls
  A river rat (D:3)
  2 oozes (D:1)
  2 worms
  3 dart slugs (D:1)
  A leopard gecko (D:4)
  9 orcs
  4 giant cockroaches
  7 goblins
  7 hobgoblins
  3 quokkas
  2 ball pythons
  2 bats
  3 frilled lizards (D:1)
  7 kobolds
  A quokka skeleton (D:4)
  7 rats
73 creatures vanquished.

Notes
Turn   | Place    | Note
-------+----------+-------------------------------------------
     0 | D:1      | McKennaii the Djinni Fire Elementalist began the quest for
                  | the Orb.
     0 | D:1      | Reached XP level 1. HP: 14/14 MP: 4/4
   270 | D:1      | Reached XP level 2. HP: 20/20 MP: 1/6
   850 | D:1      | Reached XP level 3. HP: 26/26 MP: 3/7
  1399 | D:2      | Gained mutation: Your spells are harder to cast, but more
                  | powerful. [Djinni growth]
  1399 | D:2      | Gained mutation: You can translocate small distances at
                  | will. [Djinni growth]
  1399 | D:2      | Reached XP level 4. HP: 29/33 MP: 0/10
  1435 | D:2      | Reached skill level 5 in Fire Magic
  1702 | D:2      | Found a faded altar of an unknown god.
  2551 | D:3      | Found a shadowy altar of Dithmenos.
  2811 | D:3      | Reached XP level 5. HP: 38/38 MP: 8/12
  2866 | D:3      | Learned a level 4 spell: Sticky Flame
  2872 | D:3      | Learned a level 5 spell: Fireball
  2916 | D:3      | Found a runed translucent door.
  2917 | D:3      | Noticed KrisU's ghost (weakling DjWz)
  3224 | D:3      | Found a runed translucent door.
  3469 | D:3      | Reached skill level 5 in Spellcasting
  3529 | D:3      | Killed KrisU's ghost
  3699 | D:4      | Noticed a slave
  3699 | D:4      | Noticed a slave
  3699 | D:4      | Noticed Pikel
  3700 | D:4      | Noticed a slave
  3710 | D:4      | Noticed a slave
  3728 | D:3      | Killed a slave
  3732 | D:3      | Killed a slave
  4212 | D:4      | Found a staircase to the Ecumenical Temple.
  4254 | Temple   | Entered the Ecumenical Temple
  4457 | Temple   | Became a worshipper of Sif Muna the Loreminder
  4594 | D:4      | Killed a slave
  4604 | D:4      | Gained mutation: Your mind is acute. (Int +2) [potion of
                  | mutation]
  4604 | D:4      | Lost mutation: Your mind is acute. (Int +2) [potion of
                  | mutation]
  4604 | D:4      | Gained mutation: You have a pair of small antennae on your
                  | head. [potion of mutation]
  4606 | D:4      | Slain by a slave

Skill      XL: |  1  2  3  4  5 |
---------------+----------------+-----
Fire Magic     | 4 5 |  5.6
Stealth        | 2 |  2.0
Spellcasting   | 4 5 |  5.3
Conjurations   | 2 |  2.6
Fighting       | |  0.4
Dodging        | |  2.5

Action                   |  1- 3 |  4- 6 || total
-------------------------+-------+-------++-------
Melee: Unarmed           |     7 |    17 ||    24
 Cast: Flame Tongue      |    54 |    82 ||   136
 Abil: Blink             |       |     1 ||     1
  Use: Potion            |       |     2 ||     2
       Scroll            |       |     1 ||     1
  Eat: Chunk             |     1 |     6 ||     7
       Ration            |       |     1 ||     1
Armor: Robe              |     2 |     5 ||     7
Dodge: Dodged            |    15 |    26 ||    41
